 Dungeon Crawl Stone Soup version 0.20-a0-19-gd4fea00 (webtiles) character file.

2405 KristoblXynda the Covert (level 9, 42/42 HPs)
             Began as a Spriggan Venom Mage on Nov 6, 2016.
             Was a Follower of Ashenzari.
             Starved to death
             ... while paralysed
             ... on level 7 of the Dungeon.
             The game lasted 00:26:03 (9330 turns).

KristoblXynda the Covert (Spriggan Venom Mage)      Turns: 9330, Time: 00:26:04

Health: 42/42      AC:  7    Str:  5    XL:     9   Next: 23%
Magic:  17/17      EV:  4    Int: 19    God:    Ashenzari [*.....]
Gold:   75         SH:  0    Dex: 16    Spells: 2 memorised, 14 levels left

rFire  . . .     SeeInvis +     e - +1 dagger (elec)
rCold  . . .     Gourm    .     a - +2 robe (curse)
rNeg   . . .     Faith    .     (shield restricted)
rPois  .         Spirit   .     (helmet restricted)
rElec  .         Reflect  .     i - +2 cloak {+Inv} (curse)
rCorr  .         Harm     .     (gloves unavailable)
MR     +....                    (boots unavailable)
Stlth  ++++++....               (no amulet)
                                (no ring)
                                u - ring of stealth (curse)

@: paralysed, fainting, very quick
A: unfitting armour, see invisible, herbivore 3, speed 3, slow metabolism 2
a: Curse Item, Scrying, Renounce Religion, Evoke Invisibility


You were on level 7 of the Dungeon.
You worshipped Ashenzari.
Ashenzari was aware of your devotion.
You were fainting.

You visited 1 branch of the dungeon, and saw 7 of its levels.
You also visited: Sewer.

You collected 249 gold pieces.
You spent 174 gold pieces at shops.

Inventory:

Hand Weapons
 e - a +1 dagger of electrocution (weapon)
Missiles
 w - a throwing net (quivered)
Armour
 a - a cursed +2 robe (worn)
 i - a cursed +2 cloak of invisibility (worn)
Jewellery
 r - an uncursed amulet of regeneration
 u - a cursed ring of stealth (left hand)
Wands
 j - a wand of lightning (0/15)
Scrolls
 h - a scroll of amnesia
 q - a scroll of fear
Potions
 d - 3 potions of flight
 f - 2 potions of magic
 g - a potion of brilliance
 l - a potion of curing {unknown}
 n - a potion of haste {unknown}
 o - a potion of berserk rage
 p - 3 potions of agility
 s - a potion of heal wounds
 x - a potion of mutation {unknown}
Books
 b - a Young Poisoner's Handbook

   Spells                             Type                      Level
   a - Sting                          Conjuration/Poison           1
   b - Mephitic Cloud                 Conjuration/Poison/Air       3
   c - Olgreb's Toxic Radiance        Poison                       4
   d - Alistair's Intoxication        Transmutation/Poison         5
   e - Venom Bolt                     Conjuration/Poison           5


   Skills:
 - Level 2.0 Fighting
 - Level 3.2 Short Blades
 - Level 3.0 Dodging
 + Level 11.6 Stealth
 + Level 5.2 Spellcasting
 - Level 4.0 Conjurations
 - Level 4.4 Air Magic
 - Level 4.0 Poison Magic
 + Level 3.6 Evocations


You had 14 spell levels left.
You knew the following spells:

 Your Spells              Type           Power        Failure   Level  Hunger
a - Sting                 Conj/Pois      ###.         2%          1    None
b - Mephitic Cloud        Conj/Pois/Air  ###.....     10%         3    ##.....


Dungeon Overview and Level Annotations

Branches:
Dungeon (7/15)             Temple (0/1) D:7

Altars:
Ashenzari
Fedhas
Makhleb
Nemelex Xobeh
Okawaru
Qazlal
Trog

Shops:
D:6 *


Innate Abilities, Weirdness & Mutations

You are very small and have problems with some larger weapons.
You are too small for most types of armour.
You have supernaturally acute eyesight. (SInv)
You are a herbivore.
You cover ground extremely quickly.
You need consume almost no food.


Message History

Ashenzari warns you: It is wielding a dagger and wearing a robe of cold resistance.
There is an escape hatch in the ceiling here.
You can't go down here!
A mysterious force pulls you upwards. The hatch slams shut behind you.
Unknown command.
You lose consciousness!
You can move again.
There is an open door here.
You can't go down here!
Press: ? - help, v - describe, . - travel An open door.
There is an escape hatch in the floor here.
You slide downwards.
The hatch slams shut behind you.
You found a teleport trap!
You need to eat something NOW!
You open the door.
There is an open door here.
You lose consciousness!
You have starved to death.
You die...

.... ##.###.#
#.#........ .###
#.# #.#............
.# #.# #.#.##.. .#
#######.###.#.###..
.###.......#...#.#
..
......^#####.###.#
.......# #.# #.#
.......# #.# #.#
.......# #.###@#
.......# #.....#
.......# #######
.......# .......#
########


There were no monsters in sight!

Vanquished Creatures
  Grinder (D:4)
  A hornet (D:5)
  Sigmund (D:4)
  A hungry ghost (D:7)
  A water moccasin (D:4)
  An ice beast (D:5)
  3 ogres
  2 centaurs (D:5)
  A big kobold (Sewer)
  3 scorpions (D:7)
  A howler monkey (D:4)
  5 hounds
  2 jellies
  3 orc priests
  4 orc wizards
  Crazy Yiuf (D:4)
  2 bullfrog skeletons
  3 iguanas
  Ijyb (D:2)
  A worker ant (D:6)
  A gnoll (D:1)
  4 adders
  A river rat (Sewer)
  5 oozes
  3 worms
  5 dart slugs
  4 leopard geckos
  30 orcs
  2 ball pythons
  8 giant cockroaches
  10 goblins
  13 hobgoblins
  7 jackals
  5 quokkas
  7 bats
  5 frilled lizards
  A jackal skeleton (D:4)
  8 kobolds
  A quokka skeleton (D:4)
  2 quokka zombies
  11 rats
  2 fungi (D:4)
173 creatures vanquished.

Notes
Turn   | Place    | Note
-------+----------+-------------------------------------------
     0 | D:1      | KristoblXynda the Spriggan Venom Mage began the quest for the Orb.
     0 | D:1      | Reached XP level 1. HP: 9/9 MP: 5/5
   214 | D:1      | Reached XP level 2. HP: 3/13 MP: 2/6
   651 | D:1      | Reached skill level 1 in Conjurations
   681 | D:1      | Reached skill level 4 in Stealth
   687 | D:1      | Reached XP level 3. HP: 15/16 MP: 2/8
   815 | D:1      | Learned a level 3 spell: Mephitic Cloud
  1509 | D:1      | Reached skill level 1 in Air Magic
  1808 | D:1      | Reached skill level 5 in Stealth
  1852 | D:1      | Reached XP level 4. HP: 18/21 MP: 5/9
  2060 | D:2      | Noticed Ijyb
  2085 | D:2      | Killed Ijyb
  2101 | D:2      | Reached skill level 1 in Short Blades
  2177 | D:2      | Found a bloodstained altar of Trog.
  2794 | D:2      | Reached XP level 5. HP: 16/24 MP: 5/10
  3336 | D:3      | Found a shattered altar of Ashenzari.
  3347 | D:3      | Became a worshipper of Ashenzari the Shackled
  3539 | D:3      | Reached skill level 6 in Stealth
  3783 | D:3      | Found a burning altar of Makhleb.
  4647 | D:3      | Reached XP level 6. HP: 17/28 MP: 10/12
  4896 | D:4      | Noticed Grinder
  4902 | D:4      | Paralysed by Grinder for 5 turns
  4916 | D:4      | Paralysed by Grinder for 2 turns
  4985 | D:4      | Found a stormy altar of Qazlal.
  5311 | D:4      | Noticed a water moccasin
  5341 | D:4      | Killed a water moccasin
  5341 | D:4      | Reached skill level 7 in Stealth
  5341 | D:4      | Reached skill level 1 in Evocations
  6213 | D:4      | Noticed Sigmund
  6243 | D:4      | Killed Sigmund
  6243 | D:4      | Reached skill level 8 in Stealth
  6243 | D:4      | Reached XP level 7. HP: 26/32 MP: 6/13
  6370 | D:4      | Killed Grinder
  6370 | D:4      | Reached skill level 9 in Stealth
  6939 | D:4      | Found a runed door.
  6943 | D:4      | Noticed Crazy Yiuf
  6974 | D:4      | Killed Crazy Yiuf
  7018 | D:5      | Entered Level 5 of the Dungeon
  7022 | D:5      | Reached XP level 8. HP: 36/36 MP: 12/14
  7040 | D:5      | Noticed a hornet
  7060 | D:5      | Paralysed by a hornet for 1 turns
  7067 | D:5      | Killed a hornet
  7077 | D:5      | Reached skill level 10 in Stealth
  7476 | D:5      | Found a sparkling altar of Nemelex Xobeh.
  7477 | D:5      | Found an iron altar of Okawaru.
  7573 | D:5      | Reached skill level 1 in Fighting
  7891 | D:6      | Found a glowing drain.
  7896 | Sewer    | Entered a sewer
  8089 | Sewer    | Found a white marble altar of Elyvilon.
  8176 | D:6      | Reached skill level 11 in Stealth
  8289 | D:6      | Found Samnit's Assorted Antiques.
  8373 | D:6      | Bought a jade ring for 145 gold pieces
  8373 | D:6      | Bought a scroll labeled ACHOARO OWULEN for 29 gold pieces
  8616 | D:6      | Reached * piety under Ashenzari
  8758 | D:6      | Found an iron altar of Okawaru.
  8971 | D:7      | Reached XP level 9. HP: 42/42 MP: 9/16
  9154 | D:7      | Reached skill level 5 in Spellcasting
  9158 | D:7      | Paralysed by fainting for 8 turns
  9179 | D:7      | Found a staircase to the Ecumenical Temple.
  9188 | D:7      | Found a blossoming altar of Fedhas.
  9252 | D:6      | Paralysed by fainting for 5 turns
  9321 | D:7      | Paralysed by fainting for 11 turns
  9330 | D:7      | Starved to death

Vault maps used:
D:1:      evilmike_arrival_plus
D:2:      nicolae_overflow_crystal_walls, first_bread, uniq_iyjb
D:3:      kb_forest_paths, lemuel_round_altar, demons_altar,
          lemuel_coloured_pillars_altar, st_stairs_11
D:4:      lemuel_round_altar, minmay_quantized, uniq_sigmund, uniq_grinder,
          uniq_crazy_yiuf_cottage
D:5:      gammafunk_temple_overflow_statue
D:6:      basic_altar, serial_shops, shop, portal_sewer_entry_e
D:7:      fedhas_altar_2, tso_oasis_becter
Sewer:    sewer_kobolds

Skill      XL: |  1  2  3  4  5  6  7  8  9 |
---------------+----------------------------+-----
Spellcasting   | 3 4 5 |  5.2
Conjurations   | 1 2 3 4 |  4.0
Stealth        | 4 5 6 8 9 11 | 11.6
Air Magic      | 1 2 3 4 |  4.4
Short Blades   | 1 2 3 |  3.2
Evocations     | 3 |  3.6
Fighting       | 2 |  2.0
Dodging        | |  3.0
Poison Magic   | |  4.0

Action                   |  1- 3 |  4- 6 |  7- 9 || total
-------------------------+-------+-------+-------++-------
Melee: Unarmed           |    18 |       |       ||    18
       Dagger            |    51 |   166 |   386 ||   603
Throw: Tomahawk          |       |     3 |     1 ||     4
 Cast: Sting             |    69 |   137 |    64 ||   270
       Mephitic Cloud    |       |       |    10 ||    10
Invok: Curse Item        |       |       |     3 ||     3
Evoke: Wand              |       |     3 |    13 ||    16
  Use: Scroll            |       |     7 |     6 ||    13
       Potion            |       |     4 |     4 ||     8
 Stab: Sleeping          |     2 |     5 |    16 ||    23
       Confused          |       |       |     7 ||     7
  Eat: Bread ration      |       |     1 |     1 ||     2
       Pizza             |       |       |     1 ||     1
Armor: Robe              |    10 |    12 |    40 ||    62
       Skin              |       |       |    35 ||    35
Dodge: Dodged            |    55 |   140 |   211 ||   406
